 Dungeon Crawl Stone Soup version 0.31.0-9-g3a7656b989 (webtiles) character file.

Game seed: 7603886703795462858

43 qw the Shooter (level 3, -8/20 HPs)
             Began as a Deep Elf Hunter on Feb 2, 2024.
             Mangled by a gnoll
             ... wielding a +0 spear
              (9 damage)
             ... on level 2 of the Dungeon.
             The game lasted 00:00:03 (709 turns).

qw the Shooter (Deep Elf Hunter)                     Turns: 709, Time: 00:00:03

Health: -8/20      AC:  3    Str: 10    XL:     3   Next: 37%
Magic:  5/5        EV: 12    Int: 13    God:
Gold:   21         SH:  0    Dex: 18    Spells: 2/2 levels left

rFire   . . .        a - +0 shortbow
rCold   . . .        (shield currently unavailable)
rNeg    . . .        c - +0 leather armour
rPois   .            (no helmet)
rElec   .            (no cloak)
rCorr   .            (no gloves)
SInv    .            (no boots)
Will    .....        (no amulet)
Stlth   ++           (no ring)
HPRegen 0.23/turn    (no ring)
MPRegen 0.09/turn

%: no passive effects
@: no status effects
A: no striking features
a: no special abilities


You were on level 2 of the Dungeon.
You visited 1 branch of the dungeon, and saw 2 of its levels.

You collected 21 gold pieces.


   Skills:
 - Level 1.5 Fighting
 + Level 6.9 Ranged Weapons
 - Level 2.4 Dodging
 - Level 1.2 Stealth


You had 2 spell levels left.
You didn't know any spells.
Your spell library was empty.

Inventory:

Hand Weapons
 a - a +0 shortbow (weapon)
Armour
 c - a +0 leather armour (worn)
Scrolls
 d - a scroll of identify

Dungeon Overview and Level Annotations

Branches:
Dungeon (2/15)

Altars:


Message History

The gnoll shouts!
The arrow hits the kobold.
You kill the kobold!
You shoot an arrow. The arrow barely misses the gnoll.
You hear a shout! x2
You shoot an arrow. The arrow hits the gnoll.
The gnoll is heavily wounded.
A gnoll comes into view. It is wielding a +0 flail.
The gnoll closely misses you.
You shoot an arrow. The arrow hits the gnoll.
The gnoll is severely wounded.
The gnoll hits you from afar with a +0 halberd.
A gnoll comes into view. It is wielding a +0 spear.
You shoot an arrow. The arrow barely misses the gnoll.
A gnoll comes into view. It is wielding a +0 whip.
The gnoll hits you from afar with a +0 halberd.
You shoot an arrow. The arrow hits the gnoll.
You kill the gnoll!
You shoot an arrow. The arrow hits the gnoll!
The gnoll is heavily wounded.
The gnoll hits you from afar with a +0 spear!
The gnoll closely misses you.
705 ||| DRINKING potion of heal wounds.
You feel much better. The gnoll completely misses you.
The gnoll hits you with a +0 flail!
Ouch! That really hurt!
You shoot an arrow.
The arrow hits the gnoll but does no damage.
The gnoll is heavily wounded.
The gnoll hits you from afar with a +0 spear.
You shoot an arrow. The arrow barely misses the gnoll.
The gnoll hits you from afar with a +0 spear.
The gnoll barely misses you. The gnoll closely misses you.
You shoot an arrow. The arrow hits the gnoll.
The gnoll is severely wounded.
The gnoll hits you with a +0 whip. The gnoll closely misses you.
The gnoll hits you with a +0 flail.
You shoot an arrow. The arrow hits the gnoll.
The gnoll is severely wounded.
The gnoll hits you from afar with a +0 spear!
You die...

....... .......
## .......###
... ..........
..##.
.......(.##.....
.....%.#........
......)#gg......
..?..$.@g#......
........<...#
....#########
... .


You could see 3 gnolls.

Vanquished Creatures
  A gnoll (D:2)
  A dart slug (D:1)
  2 endoplasms (D:1)
  2 goblins (D:1)
  4 hobgoblins
  6 jackals (D:1)
  3 quokkas (D:1)
  3 ball pythons (D:1)
  A frilled lizard (D:1)
  A kobold (D:2)
  4 rats (D:1)
28 creatures vanquished.

Notes
Turn   | Place    | Note
-------+----------+-------------------------------------------
     0 | D:1      | qw the Deep Elf Hunter began the quest for the Orb.
     0 | D:1      | Reached XP level 1. HP: 12/12 MP: 3/3
     0 | D:1      | 0 ||| qw: Version: 0.3-a-155-g5e7d8dd
     0 | D:1      | 0 ||| qw: Game counter: 1409
     0 | D:1      | 0 ||| qw: Melee chars always use a shield: true
     0 | D:1      | 0 ||| qw: God list: Okawaru
     0 | D:1      | 0 ||| qw: Allow faded altars: false
     0 | D:1      | 0 ||| qw: Do Orc after clearing Dungeon:15 true
     0 | D:1      | 0 ||| qw: Do second Lair branch before Depths: true
     0 | D:1      | 0 ||| qw: Lair rune preference: random
     0 | D:1      | 0 ||| qw: Goals: Normal
     0 | D:1      | 0 ||| PLANNING D:1-11
   242 | D:1      | Reached skill level 6 in Ranged Weapons
   242 | D:1      | Reached XP level 2. HP: 16/16 MP: 4/4
   632 | D:1      | Reached XP level 3. HP: 20/20 MP: 5/5
   650 | D:1      | 650 ||| READING 4 scrolls labelled ANEDGHO RAICYIWALO.
   650 | D:1      | 650 ||| IDENTIFYING red potion
   651 | D:1      | 651 ||| READING 3 scrolls of identify.
   651 | D:1      | 651 ||| IDENTIFYING metallic cyan potion
   652 | D:1      | 652 ||| READING 2 scrolls of identify.
   652 | D:1      | 652 ||| IDENTIFYING scroll labelled NIAVUH RAF
   653 | D:1      | 653 ||| DROPPING scroll of butterflies.
   654 | D:1      | 654 ||| DROPPING scroll of immolation.
   655 | D:1      | 655 ||| DROPPING potion of attraction.
   704 | D:2      | HP: 5/20 [gnoll/+0 spear (8)]
   705 | D:2      | 705 ||| DRINKING potion of heal wounds.
   708 | D:2      | HP: 1/20 [gnoll/+0 flail (4)]
   709 | D:2      | Mangled by a gnoll

Levels and vault maps discovered:
D:1:      sevenhm_arrival_forest_fort_small_4, layout_basic, serial_bayou_ford_a
D:2:      layout_rooms, serial_curves, eino_curves_02, eino_curves_04

Skill      XL: |  1 |
---------------+----+-----
Ranged Weapons | 6 |  6.9
Fighting       | |  1.5
Dodging        | |  2.4
Stealth        | |  1.2

Action                     || total
---------------------------++-------
   Fire: Shortbow          ||    94
    Use: Scroll            ||     3
         Potion            ||     1
 Armour: Leather armour    ||    21
  Dodge: Dodged            ||    20

Table legend:
 A = Non-vault XP
 B = Vault XP
 C = Vault XP percentage of total XP
 D = Non-vault monster count
 E = Vault monster count
 F = Vault count percentage of total count
                 A         B        C        D         E       F
            +---------+---------+-------+---------+---------+-------
      Total |      62 |       0 |   0.0 |      28 |       0 |   0.0
            +---------+---------+-------+---------+---------+-------
        D:1 |      43 |       0 |   0.0 |      24 |       0 |   0.0
        D:2 |      19 |       0 |   0.0 |       4 |       0 |   0.0
            +---------+---------+-------+---------+---------+-------
